 Dungeon Crawl Stone Soup version 0.30-a0-170-g85af917532 (webtiles) character file.

Game seed: 8901680811337830693

699 gelatine the Magician (level 7, 0/49 HPs)
             Began as a Djinni Fire Elementalist on Oct 1, 2022.
             Was an Initiate of Ashenzari.
             Shot with an arrow by a centaur (5 damage)
             ... on level 5 of the Dungeon.
             The game lasted 00:18:53 (7867 turns).

gelatine the Magician (Djinni Fire Elementalist)    Turns: 7867, Time: 00:18:55

Health: 0/49       AC:  3    Str:  4    XL:     7   Next: 97%
Gold:   241        EV: 13    Int: 22    God:    Ashenzari [......] SH:  0 Dex: 14

rFire   + + .      SeeInvis .    v - +5 mace of the Cosmic Yoke {spect, rPois rCorr Str-3 Int+4, Self, Melee} (curse)
rCold   . . .      Faith    .    (no shield)
rNeg    . . .      Spirit   .    a - +0 robe
rPois   ∞          Reflect  .    w - +0 helmet
rElec   .          Harm     .    i - scarf {+Inv}
rCorr   +          Rampage  .    (no gloves)
Will    .....                    (boots unavailable)
Stlth   ++........               (no amulet)
HPRegen 0.16/turn                u - ring of protection from cold
MPRegen 0.00/turn                (no ring)

@: flying
A: sickness immunity, fire resistance 2, cold vulnerability 1, float, innate
caster, HP casting, extra vitality 1
a: Renounce Religion, Evoke Invisibility, Curse Item, Shatter the Chains


You were on level 5 of the Dungeon.
You worshipped Ashenzari.
Ashenzari was noncommittal.
You visited 1 branch of the dungeon, and saw 5 of its levels.
You also visited: Sewer.

You collected 241 gold pieces.

Inventory:

Hand Weapons
 g - a +2 hand axe of flaming
 q - a +2 dagger of draining
 v - the cursed +5 mace of the Cosmic Yoke (weapon) {spect, rPois rCorr Str-3 Int+4, Self, Melee}
   (You found it on level 3 of the Dungeon)

   When its wielder attacks, the weapon's spirit leaps out and strikes again.
   The spirit shares a part of any damage it takes with its wielder.
   Str:       It affects your strength (-3).
   Int:       It affects your intelligence (+4).
   rPois:     It protects you from poison.
   rCorr:     It protects you from acid and corrosion.
   It has a curse which improves the following skills: Introspection: Fighting
   and Spellcasting.
   Melee Combat: Short Blades, Long Blades, Axes, Maces & Flails, Polearms,
   Staves and Unarmed Combat.
 z - a +3 dagger
Missiles
 l - 5 throwing nets
Armour
 a - a +0 robe (worn)
 i - a scarf of invisibility (worn)
 w - a +0 helmet (worn)
Jewellery
 u - a ring of protection from cold (left hand)
Wands
 C - a wand of flame (21)
Scrolls
 h - 2 scrolls of enchant weapon
 m - 3 scrolls of teleportation
 p - a scroll of torment {unknown}
 r - a scroll of fog {unknown}
 t - a scroll of blinking {unknown}
 y - a scroll of identify
 A - a scroll of acquirement {unknown}
 B - a scroll of brand weapon {unknown}
 D - a scroll of immolation {unknown}
Potions
 b - 3 potions of brilliance
 c - 3 potions of curing {unknown}
 d - a potion of mutation {unknown}
 e - 2 potions of magic {unknown}
 f - 3 potions of flight {unknown}
 j - a potion of cancellation {unknown}
 k - 3 potions of heal wounds {unknown}
 n - 3 potions of resistance {unknown}
 o - 2 potions of haste {unknown}
 s - a potion of might
 x - a potion of degeneration {unknown}


   Skills:
 * Level 2.4(2.8) Fighting
 + Level 0.9(1.1) Axes
 * Level 4.0 Dodging
 + Level 2.5 Stealth
 + Level 4.8(5.2) Spellcasting
 * Level 3.0 Evocations


You couldn't memorise any spells.
You knew the following spells:

 Your Spells              Type           Power      Damage    Failure   Level
a - Foxfire               Conj/Fire      100%       2x1d9     1%          1
b - Scorch                Fire           56%        2d7       1%          2
c - Kindle Blastsparks    Fire/Tloc/Air  56%        2d14      3%          3
d - Inner Flame           Hex/Fire       28%        N/A       3%          3
e - Flame Wave            Conj/Fire      28%        2d9       11%         4
f - Slow                  Hex            100%       N/A       1%          1
g - Momentum Strike       Conj/Tloc      56%        3d9       1%          2
h - Frozen Ramparts       Ice            56%        1d9       3%          3
Your spell library was empty.

Dungeon Overview and Level Annotations

Branches:
Dungeon (5/15)              Sewer (visited)
 Temple: D:4-7

Altars:
Ashenzari
Elyvilon
Fedhas
Gozag
Ru
Xom

Shops:
D:1 (   D:4 :   D:5 :


Innate Abilities, Weirdness & Mutations

You are immune to sickness and miasma.
You are immune to poison.
Your flesh is very heat resistant. (rF++)
You are vulnerable to cold. (rC-)
You float through the air rather than walking.
You learn spells naturally, not from books.
Your magical power is your life essence.
You have superior vitality. (+4 MHP)


Message History

The centaur hits the bush but does no damage.
The centaur kicks the bush but does no damage.
The centaur hits the bush but does no damage.
The centaur kicks the bush but does no damage.
The centaur hits the bush but does no damage.
The centaur kicks the bush but does no damage.
Your foxfire dissipates!
Something hits the bush but does no damage.
Something kicks the bush but does no damage.
The centaur wields a +2 vorpal shortbow.
The centaur shoots an arrow.
The arrow misses you.
The centaur shoots an arrow.
The arrow barely misses you.
The centaur shoots an arrow.
The arrow closely misses you.
The centaur unwields a +2 vorpal shortbow.
The centaur hits the bush but does no damage.
The centaur kicks the bush but does no damage.
The centaur wields a +2 vorpal shortbow.
The centaur shoots an arrow.
The arrow hits you!
The centaur shoots an arrow.
The arrow hits you!
Found 16 gold pieces.
The centaur unwields a +2 vorpal shortbow.
The centaur hits the bush but does no damage.
The centaur kicks the bush but does no damage.
Casting: Foxfire (safe; 1% risk of failure)
Confirm with . or Enter, or press ? or * to list all spells.
The spell is quite dangerous to miscast (11% risk of failure)!
Continue anyway?
Casting: Flame Wave (quite dangerous; 11% risk of failure)
Press: ? - help, Dir - look around, f - activate A wave of flame ripples out!
The flame wave engulfs the bush.
The bush is on fire!
The bush is lightly damaged.
The flame wave engulfs the bush!
The bush is on fire!
The bush is moderately damaged.
The flame wave engulfs the bush but does no damage. (Press . to intensify the flame waves.)
The bush is engulfed in blazing flames.
The centaur wields a +2 vorpal shortbow.
The centaur shoots an arrow.
The arrow hits you!
* * * LOW HITPOINT WARNING * * *
You die...

#..........###.#...... .#
#)#...##...###.#...#####.##.
#...#................#......
.##.#.#.######..........###
.#........................#
.##.###.############..#...#
.##.. ..# ....#..##......#
##### ### ##..#.....#.#.# #
#...@...#.#.# #
#.PPPP......# #
...$PcPPP...### # .###
PP_PP.#.# # .P ..#.# PP
...#.. .### ## .# #.#


You could see a centaur.

Vanquished Creatures
  An ogre (D:5)
  A necrophage (D:4)
  3 scorpions
  An orc priest (D:4)
  2 orc wizards
  7 gnolls
  A river rat (D:3)
  10 adders
  A worm (D:2)
  10 orcs
  13 ball pythons
  14 endoplasms
  8 giant cockroaches
  7 goblins
  11 hobgoblins
  4 kobolds
  7 quokkas
  6 bats
  6 frilled lizards
  26 rats
139 creatures vanquished.

Vanquished Creatures (collateral kills)
  5 foxfires
5 creatures vanquished.

Vanquished Creatures (others)
  An endoplasm (D:2)
  585 foxfires
586 creatures vanquished.

Grand Total: 730 creatures vanquished

Notes
Turn   | Place    | Note
-------+----------+-------------------------------------------
     0 | D:1      | gelatine the Djinni Fire Elementalist began the quest for
                  | the Orb.
     0 | D:1      | gelatine set off with the following spells memorised:
                  | Foxfire, Scorch, Kindle Blastsparks, Inner Flame, Flame
                  | Wave.
     0 | D:1      | Reached XP level 1. HP: 15/15 MP: 0/0
   420 | D:1      | Found Wapn's Antique Weapon Shoppe.
   424 | D:1      | Reached XP level 2. HP: 18/21 MP: 0/0
   952 | D:1      | Reached XP level 3. HP: 23/25 MP: 0/0
   952 | D:1      | Learned a level 1 spell: Slow
  1032 | D:1      | Found a faded altar of an unknown god.
  2357 | D:2      | Found a white marble altar of Elyvilon.
  2363 | D:2      | Reached XP level 4. HP: 19/31 MP: 0/0
  3671 | D:3      | Reached skill level 1 in Evocations
  4083 | D:3      | Found an opulent altar of Gozag.
  4398 | D:3      | Reached XP level 5. HP: 30/36 MP: 0/0
  4398 | D:3      | Learned a level 2 spell: Momentum Strike
  4405 | D:3      | Found a glowing drain.
  4412 | Sewer    | Entered a sewer
  5149 | Sewer    | Reached skill level 1 in Fighting
  5629 | D:3      | Identified the +5 mace of the Morning {spect, rPois rCorr
                  | Str-3 Int+4}
  5656 | D:3      | Reached XP level 6. HP: 38/42 MP: 0/0
  5785 | D:4      | Found a broken altar of Ashenzari.
  5796 | D:4      | Became a worshipper of Ashenzari the Shackled
  5876 | D:4      | Found a shadowy altar of Dithmenos.
  5878 | D:4      | Found an opulent altar of Gozag.
  5878 | D:4      | Found a glowing golden altar of the Shining One.
  5880 | D:4      | Found a shimmering altar of Xom.
  5880 | D:4      | Found an opulent altar of Gozag.
  5880 | D:4      | Found a bloodstained altar of Trog.
  6097 | D:4      | Found Geziqel's Self-Improvement Boutique.
  6135 | D:4      | Found a sacrificial altar of Ru.
  6712 | D:4      | Reached XP level 7. HP: 42/49 MP: 0/0
  6712 | D:4      | Learned a level 3 spell: Frozen Ramparts
  7208 | D:5      | Entered Level 5 of the Dungeon
  7570 | D:5      | Found Kotsoe's Book Emporium.
  7838 | D:5      | Found a blossoming altar of Fedhas.
  7867 | D:5      | Shot with an arrow by a centaur

Illustrated notes

Levels and vault maps discovered:
D:1:      tarquinn_simple_flora_water_e, layout_rooms,
          ebering_ecumenical_altar_rust, serial_shops, shop_fountains,
          nrook_mini_backslash, minmay_rat_gold_closets
D:2:      layout_rooms, basic_altar, lemuel_flame_loot_1
D:3:      layout_basic, grunt_gozag_breadcrumbs, portal_sewer_entry_e,
          serial_aquarium, aquarium_bridge_long_separate
          [aquarium_subvault_wall, aquarium_subvault_bridge,
          aquarium_subvault_balcony, aquarium_subvault_wall,
          aquarium_subvault_balcony, aquarium_subvault_bridge],
          aquarium_window_fake, aquarium_window_1, aquarium_window_2,
          aquarium_window_corridor_2, aquarium_view_2d,
          aquarium_balcony_double_1, aquarium_pool_2
D:4:      layout_gridville, nicolae_ru_awakened_eye, doesnt_xom_only_xom,
          cheibrodos_ashenzari_chains, mainiacjoe_overflow_catwalk,
          nicolae_shop_self_help
D:5:      layout_basic, lightli_temple_of_fire, fedhas_bush_and_centaur_altar,
          serial_shops, nicolae_shop_waterfront

Skill      XL: |  1  2  3  4  5  6  7 |
---------------+----------------------+-----
Spellcasting   | 3 4 |  4.8
Evocations     | 1 2 3 |  3.0
Stealth        | 2 |  2.5
Dodging        | 3 4 |  4.0
Fighting       | 1 2 |  2.4
Axes           | |  0.9

Action                   |  1- 3 |  4- 6 |  7- 9 || total
-------------------------+-------+-------+-------++-------
Melee: Unarmed           |     5 |     1 |       ||     6
       Hand axe          |       |    13 |       ||    13
       Mace              |       |     2 |     2 ||     4
 Cast: Foxfire           |   112 |   173 |    63 ||   348
       Scorch            |     5 |     9 |     3 ||    17
       Flame Wave        |       |     1 |     1 ||     2
       Kindle Blastspark |       |       |     4 ||     4
       Frozen Ramparts   |       |       |     1 ||     1
Invok: Curse Item        |       |       |     1 ||     1
  Use: Scroll            |     1 |     5 |       ||     6
       Potion            |       |     1 |       ||     1
 Stab: Sleeping          |       |     1 |       ||     1
Armor: Robe              |     5 |     4 |       ||     9
Dodge: Dodged            |    13 |    15 |     5 ||    33

Table legend: (Time is in decaauts)
 A = Elapsed time spent in this place.
 B = Non-inter-level travel time spent in this place.
 C = Inter-level travel time spent in this place.
 D = Time resting spent in this place.
 E = Time spent auto-exploring this place.
 F = Levels seen in this place.
 G = Mean time per level.
                   A        B        C        D        E       F      G
               +--------+--------+--------+--------+--------+-----+--------+
         Total |   7868 |   7668 |    200 |    835 |   5919 |   6 | 1311.3 |
       Dungeon |   6999 |   6799 |    200 |    569 |   5395 |   5 | 1399.8 |
         Sewer |    869 |    869 |      0 |    266 |    524 |   1 |  869.0 |
               +--------+--------+--------+--------+--------+-----+--------+

Top non-repeatable levels by time:
     D:1: 2042 daAuts
     D:2: 1623 daAuts
     D:4: 1423 daAuts
     D:3: 1250 daAuts
   Sewer: 869 daAuts
     D:5: 659 daAuts
